 Dungeon Crawl Stone Soup version 0.28-a0-793-g31680bbd8b (webtiles) character file.

Game seed: 14182894394846086766

18 kae the Caller (level 2, 0/14 HPs)
             Began as a Vine Stalker Summoner on Nov 3, 2021.
             Succumbed to an adder's poison
             ... on level 2 of the Dungeon.
             The game lasted 00:01:36 (1922 turns).

kae the Caller (Vine Stalker Summoner)              Turns: 1922, Time: 00:01:37

Health: 0/14       AC:  2    Str: 10    XL:     2   Next: 70%
Magic:  2/6        EV: 12    Int: 15    God:
Gold:   19         SH:  0    Dex: 14    Spells: 5/6 levels left

rFire   . . .      SeeInvis .   (no weapon)
rCold   . . .      Faith    .   (no shield)
rNeg    . . .      Spirit   +   a - +0 robe
rPois   .          Reflect  .   (no helmet)
rElec   .          Harm     .   (no cloak)
rCorr   .          Rampage  .   (no gloves)
Will    .....                   (no boots)
Stlth   ++........              (no amulet)
HPRegen 0.04/turn               (no ring)
MPRegen 0.10/turn               (no ring)

@: lethally poisoned (0 -> -3)
A: fangs 2, magic shield, antimagic bite, no potion heal 2
a: no special abilities


You were on level 2 of the Dungeon.
You visited 1 branch of the dungeon, and saw 2 of its levels.

You collected 79 gold pieces.
You spent 60 gold pieces at shops.

Inventory:

Armour
 a - a +0 robe (worn)


   Skills:
 + Level 0.7 Fighting
 - Level 1.5 Dodging
 - Level 2.4 Stealth
 + Level 2.5 Spellcasting
 * Level 4.4 Summonings


You had 5 spell levels left.
You knew the following spells:

 Your Spells              Type           Power      Damage    Failure   Level
a - Summon Small Mammal   Summ           60%        N/A       3%          1

Your spell library contained the following spells:

 Spells                   Type           Power      Damage    Failure   Level
 Call Imp                 Summ           15%        N/A       5%          2
 Call Canine Familiar     Summ           15%        N/A       11%         3
 Slow                     Hex            4%         N/A       22%         1
 Summon Guardian Golem    Hex/Summ       8%         N/A       26%         3
 Confusing Touch          Hex            1%         N/A       54%         3
 Vampiric Draining        Necr           1%         2d6       54%         3
 Summon Lightning Spire   Summ/Air       8%         N/A       65%         4


Dungeon Overview and Level Annotations

Branches:
Dungeon (2/15)

Altars:

Shops:
D:1 *

Annotations:
D:1 Terence


Innate Abilities, Weirdness & Mutations

You have extremely sharp teeth.
When hurt, damage is shared between your health and your magic reserves.
Your bite disrupts and absorbs the magic of your enemies.
Potions cannot restore your health.


Message History

Your bat disappears in a puff of smoke!
Magic restored.
Your bat disappears in a puff of smoke!
An adder comes into view.
An adder is nearby!
Casting: Summon Small Mammal (safe; 3% risk of failure)
Confirm with . or Enter, or press ? or * to list all spells.
The adder hisses angrily.
Casting: Summon Small Mammal (safe; 3% risk of failure)
Confirm with . or Enter, or press ? or * to list all spells.
You don't know that spell.
Casting: Summon Small Mammal (safe; 3% risk of failure)
Confirm with . or Enter, or press ? or * to list all spells.
Your bat completely misses the adder.
The adder completely misses your bat.
Your bat barely misses the adder.
Found a scroll labelled LEINOSKUESS.
Your bat hits the adder but does no damage.
The adder bites your rat.
Your rat bites the adder.
Your bat misses the adder. The adder closely misses your rat.
Your rat closely misses the adder.
The adder bites your rat.
Your rat dies!
Your rat's corpse disappears in a puff of smoke!
Your bat misses the adder.
Casting: Summon Small Mammal (safe; 3% risk of failure)
Confirm with . or Enter, or press ? or * to list all spells.
The adder bites you.
You are poisoned.
The adder poisons you!
Your bat hits the adder.
You feel sick.
Your bat hits the adder.
Your bat barely misses the adder.
The adder barely misses you.
Your bat hits the adder. You barely miss the adder.
You bite the adder, but do no damage.
The adder is heavily wounded.
* * * LOW HITPOINT WARNING * * *
You feel sick.
Your bat closely misses the adder.
The adder closely misses you. The adder bites you.
* * * LOW HITPOINT WARNING * * *
You closely miss the adder. Your bite misses the adder.
The adder is heavily wounded.
You die...

*,**,**,**,*,**,,,*
#.##*,*,*,**,*,*,*,
#...,,,,,***,,**,**
#..##*,.###*,***,,,
##.b.##....,,,,**,**
*.....*...,,,,,,,,,,
*#....,..#******,,,*
##.S#.#..#*******,,*
#.r@#....,,,,,,<,,,*
**#.#.##.#,,*******,,*
#?.,#<...#,,* **,,
#.**###..#,,**** *,*
#..,#....#,,,,,* *,*
#$#.#....#.#,*,* *,*
#......<..#**,,*** *,*
***###......#.#,,,,,*
*,*
**,,,,##...#.#...,,,,*
*,*


You could see an adder (ally target), a friendly quokka (summoned) and a
friendly bat (summoned).

Vanquished Creatures
  An endoplasm (D:2)
  A giant cockroach (D:1)
  2 bats (D:1)
  2 rats
6 creatures vanquished.

Vanquished Creatures (collateral kills)
  A ball python (D:1)
  2 endoplasms (D:1)
  2 giant cockroaches
  A goblin (D:1)
  A hobgoblin (D:1)
  A quokka (D:1)
  A bat (D:1)
  A frilled lizard (D:1)
  A rat (D:1)
11 creatures vanquished.

Grand Total: 17 creatures vanquished

Notes
Turn   | Place    | Note
-------+----------+-------------------------------------------
     0 | D:1      | kae the Vine Stalker Summoner began the quest for the Orb.
     0 | D:1      | Reached XP level 1. HP: 9/9 MP: 4/4
   338 | D:1      | Reached XP level 2. HP: 4/14 MP: 6/6
  1167 | D:1      | Found Caiwoxoathry's Assorted Antiques.
  1172 | D:1      | Bought a fizzy silvery potion for 19 gold pieces
  1172 | D:1      | Bought a grey potion for 19 gold pieces
  1172 | D:1      | Bought a scroll labelled CUTYBB CACAL for 22 gold pieces
  1205 | D:2      | Noticed Terence
  1922 | D:2      | Succumbed to an adder's poison

Illustrated notes

Levels and vault maps discovered:
D:1:      dpeg_arrival_simpleton_c, layout_loops_ring, serial_shops,
          nicolae_shop_stone
D:2:      minmay_roachtagon, layout_loops_ring, basic_altar, uniq_natasha,
          uniq_terence

Action                   || total
-------------------------++-------
Melee: Unarmed           ||    45
       Bite              ||    11
 Cast: Summon Small Mamm ||    25
  Use: Scroll            ||     5
       Potion            ||     3
Armor: Robe              ||    19
Dodge: Dodged            ||    45

Table legend: (Time is in decaauts)
 A = Elapsed time spent in this place.
 B = Non-inter-level travel time spent in this place.
 C = Inter-level travel time spent in this place.
 D = Time resting spent in this place.
 E = Time spent auto-exploring this place.
 F = Levels seen in this place.
 G = Mean time per level.
                   A        B        C        D        E       F      G
               +--------+--------+--------+--------+--------+-----+--------+
         Total |   1925 |   1869 |     56 |    613 |   1033 |   2 |  962.5 |
       Dungeon |   1925 |   1869 |     56 |    613 |   1033 |   2 |  962.5 |
               +--------+--------+--------+--------+--------+-----+--------+

Top non-repeatable levels by time:
     D:1: 1706 daAuts
     D:2: 219 daAuts
